AoeStats
← Herby

Arena

509814290Analyzed
4v4 RM · 4d ago on Sep 28, 2026· 33m 44s· 8 players
Game mode
Random Map
Map size
Large (8 player)
Population
200
Speed
Normal
Resources
Standard
Victory
Conquest
Starting age
Dark Age
Ending age
Imperial Age
RankedLock teamsTeams togetherTeam positionsShared explorationLock speedFull tech treeHidden civsTurbo modeCheats
Victory
Defeat
🇨🇳 Magyars · China
1465
+14
🇦🇺 Italians · Australia
1417
+16
🇨🇳 Cumans · China
1363
+18
🇨🇳 Khmer · China
1322
+20
🇺🇸 Teutons · United States
1444
-18
🇲🇽 Romans · Mexico
1403
-17
🇨🇴 Lithuanians · Colombia
1403
-17
🇲🇽 Vikings · Mexico
1393
-16
spava9723
10:27 Feudal Age
9:43 Loom
14:35 Castle Age
12:55 Double-Bit Axe
13:42 Horse Collar
15:15 Scale Barding Armor
19:28 Bow Saw
21:09 Heavy Plow
24:02 Wheelbarrow
28:46 Imperial Age
26:49 Bloodlines
26:40 Husbandry
27:28 Chain Barding Armor
27:54 Town Watch
29:25 Forging
29:18 Cavalier
30:47 Iron Casting
meh
5:59 Loom
8:06 Feudal Age
9:52 Fletching
17:35 Town Watch
18:28 Wheelbarrow
22:48 Castle Age
20:40 Double-Bit Axe
27:13 Imperial Age
24:41 Horse Collar
25:58 Sanctity
29:42 Block Printing
31:31 Block Printing
32:52 Fervor
33:25 Fervor
Herby
8:17 Loom
10:33 Feudal Age
13:59 Castle Age
12:03 Double-Bit Axe
12:26 Gold Mining
14:55 Bow Saw
16:50 Wheelbarrow
22:32 Redemption
27:49 Ballistics
[Pb] Komodo 3000
9:51 Feudal Age
14:00 Castle Age
13:34 Double-Bit Axe
14:18 Gold Mining
19:22 Pikeman
20:29 Scale Mail Armor
20:23 Loom
21:42 Squires
27:38 Scale Barding Armor
28:42 Bow Saw
29:56 Horse Collar
32:36 Chain Mail Armor
执者如旗
10:11 Feudal Age
13:51 Castle Age
12:55 Double-Bit Axe
16:44 Wheelbarrow
18:20 Bow Saw
17:52 Horse Collar
22:55 Hand Cart
23:38 Gold Mining
24:59 Gold Shaft Mining
28:19 Imperial Age
26:27 Scale Barding Armor
26:44 Heavy Plow
27:19 Forging
27:32 Chain Barding Armor
27:27 Bloodlines
27:46 Town Watch
27:56 Stone Mining
29:39 Plate Barding Armor
30:19 Iron Casting
30:17 Elite Battle Elephant
32:05 Blast Furnace
33:09 Tusk Swords
33:29 Conscription
34:00 Husbandry
Noob ai
8:29 Loom
10:49 Feudal Age
15:13 Castle Age
15:03 Double-Bit Axe
25:47 Imperial Age
24:07 Fletching
24:53 Bodkin Arrow
25:58 Horse Collar
27:27 Town Watch
29:29 Chemistry
33:25 Wheelbarrow
33:01 Town Watch
第98次心痛
11:43 Feudal Age
12:49 Double-Bit Axe
15:51 Castle Age
13:34 Horse Collar
15:51 Loom
17:13 Bow Saw
16:56 Gold Mining
32:13 Scale Barding Armor
32:57 Herbal Medicine
34:15 Wheelbarrow
33:25 Town Watch
34:06 Heavy Plow
Nagasaki Anon
9:34 Feudal Age
10:37 Double-Bit Axe
11:48 Horse Collar
15:02 Wheelbarrow
20:20 Castle Age
21:25 Bow Saw
21:24 Heavy Plow
21:42 Hand Cart
22:07 Gold Mining
22:55 Loom
23:43 Capped Ram
24:27 Scale Mail Armor
24:37 Forging
27:13 Imperial Age
25:49 Gold Shaft Mining
25:57 Chain Mail Armor
25:42 Town Watch
27:13 Squires
27:50 Iron Casting
28:28 Plate Mail Armor
27:33 Pikeman
29:37 Blast Furnace
28:27 Halberdier
30:39 Fletching
30:43 Stone Mining
31:28 Siege Ram
Connection lost

Rejoining the realm…

Still unreachable

The connection could not be restored.

Session expired

The server has moved on; the page needs a fresh start.